 Dungeon Crawl Stone Soup version 0.24-a0-10-gb84795d (webtiles) character file.

Game seed: 1655487746135621788

857 Lanoc the Cudgeler (level 7, -2/63 HPs)
             Began as a Troll Chaos Knight on Jan 31, 2019.
             Was a Plaything of Xom.
             Slain by an ogre
             ... wielding a cursed -3 giant spiked club
              (25 damage)
             ... on level 4 of the Dungeon.
             The game lasted 00:09:48 (3138 turns).

Lanoc the Cudgeler (Troll Chaos Knight)             Turns: 3138, Time: 00:09:48

Health: -2/63      AC:  8    Str: 23    XL:     7   Next: 70%
Magic:  0/6        EV: 11    Int:  8    God:    Xom [...*..]
Gold:   75         SH:  0    Dex:  9    Spells: 6/6 levels left

rFire    . . .     SeeInvis .   h - +7 club
rCold    . . .     Gourm    +   (no shield)
rNeg     . . .     Faith    .   b - +2 robe
rPois    .         Spirit   +   (helmet restricted)
rElec    .         Reflect  .   m - scarf {Spirit}
rCorr    .         Harm     .   (gloves unavailable)
MR       .....                  (boots unavailable)
Stlth    +.........             (no amulet)
HPRegen  0.60/turn              (no ring)
MPRegen  0.10/turn              (no ring)

@: flying
A: large, unfitting armour, claws 3, fast metabolism 3, frail 1, gourmand,
regeneration 1, shaggy fur 1, tough skin 3
a: Renounce Religion


You were on level 4 of the Dungeon.
You worshipped Xom.
You were a favourite toy of Xom.
You were completely stuffed.

You visited 1 branch of the dungeon, and saw 4 of its levels.

You collected 75 gold pieces.

Inventory:

Hand Weapons
 a - a +0 mace of chaos
 h - a +7 club (weapon)
Missiles
 p - 22 stones of chaos (quivered)
Armour
 b - a +2 robe (worn)
 m - a scarf of spirit shield (worn)
 r - a +0 cloak
Wands
 o - a wand of flame (15)
Scrolls
 d - a scroll of magic mapping {unknown}
 f - a scroll of remove curse
 n - a scroll of identify
 q - a scroll of blinking {unknown}
 s - a scroll of noise {unknown}
Potions
 i - 2 potions of curing
 j - 2 potions of haste
 k - 2 potions of lignification
Miscellaneous
 l - a lightning rod (inert)
Comestibles
 c - 12 rations
 g - 3 chunks of flesh


   Skills:
 + Level 4.3 Fighting
 * Level 6.3 Maces & Flails
 + Level 4.1 Dodging


You had 6 spell levels left.
You didn't know any spells.
Your spell library was empty.

Dungeon Overview and Level Annotations

Branches:
Dungeon (4/15)
 Temple: D:4-7

Altars:
Trog

Annotations:
D:4 Grinder


Innate Abilities, Weirdness & Mutations

You are too large for most types of armour.
You have claws for hands.
Your metabolism is lightning-fast.
You like to eat raw meat.
Your natural rate of healing is unusually fast.
You are covered in fur. (AC +1)
You have extremely tough skin. (AC +3)
You are frail. (-10% HP)


Message History

You fly up into the air.
You sock the orc!
You kill the orc!
Grinder blinks!
You feel better.
You hit the orc.
The orc is severely wounded.
The orc hits you but does no damage.
You barely miss the orc priest.
The orc priest is heavily wounded.
The orc priest hits you with a +0 mace! The orc misses you.
You barely miss the orc priest.
The orc priest is heavily wounded.
The ogre barely misses you. The orc priest hits you with a +0 mace.
The orc hits you but does no damage.
Grinder blinks!
You sock the orc priest!
You kill the orc priest!
The ogre hits you with a cursed -3 giant spiked club!!
You die...
Xom giggles madly!

#.... #.).# # #O..
#. #{.# #.## #..#
...#########.w#
#.###.#<......o.o#
##........#...###O#
..........<...')@o#
#######...#...#####
#...#...#
.....##### #......#
#......# #......#
#####+##


You could see an ogre, a worm and 2 orcs.

Vanquished Creatures
  A gnoll sergeant (D:3)
  A bullfrog (D:3)
  Crazy Yiuf (D:3)
  3 gnoll shamans (D:3)
  An orc priest (D:4)
  Jessica (D:2)
  2 orc wizards (D:3)
  36 gnolls (D:3)
  2 adders (D:3)
  2 oozes (D:2)
  3 worms
  A dart slug (D:1)
  3 leopard geckos
  11 orcs
  2 giant cockroaches
  8 goblins
  6 hobgoblins
  26 jackals
  7 kobolds
  A quokka (D:3)
  2 bats
  3 frilled lizards
  9 rats
132 creatures vanquished.

Notes
Turn   | Place    | Note
-------+----------+-------------------------------------------
     0 | D:1      | Lanoc the Troll Chaos Knight began the quest for the Orb.
     0 | D:1      | Reached XP level 1. HP: 22/22 MP: 0/0
   220 | D:1      | Reached skill level 3 in Maces & Flails
   220 | D:1      | Reached XP level 2. HP: 29/29 MP: 1/1
   399 | D:1      | XOM: divination: magic mapping
   742 | D:2      | Reached XP level 3. HP: 36/36 MP: 2/2
   924 | D:2      | Noticed Jessica
   931 | D:2      | Killed Jessica
  1021 | D:2      | Reached XP level 4. HP: 44/44 MP: 3/3
  1346 | D:2      | Found a bloodstained altar of Trog.
  1469 | D:3      | Noticed a bullfrog
  1470 | D:3      | XOM: enchant monster (bad)
  1479 | D:3      | Killed a bullfrog
  1479 | D:3      | Reached skill level 4 in Maces & Flails
  1479 | D:3      | Reached XP level 5. HP: 22/53 MP: 4/4
  1594 | D:3      | XOM: noise
  1742 | D:3      | Reached XP level 6. HP: 28/61 MP: 5/5
  1843 | D:3      | XOM: potion effect (might)
  1849 | D:3      | XOM: harmless Chrm miscast
  1864 | D:3      | Reached skill level 5 in Maces & Flails
  1868 | D:3      | XOM: butterfly on damage
  1869 | D:3      | XOM: potion effect (agility)
  1950 | D:3      | XOM: fog
  2078 | D:3      | Reached XP level 7. HP: 41/68 MP: 3/6
  2265 | D:3      | XOM: chaos upgrade
  2454 | D:3      | Reached skill level 6 in Maces & Flails
  2689 | D:3      | XOM: give mutations
  2689 | D:3      | Gained mutation: Your movements are slightly less
                  | encumbered by armour. (ER -2) [Xom's mischief]
  2689 | D:3      | Gained mutation: You are frail. (-10% HP) [Xom's mischief]
  2689 | D:3      | Lost mutation: Your movements are slightly less encumbered
                  | by armour. (ER -2) [Xom's mischief]
  3021 | D:3      | Found a runed translucent door.
  3022 | D:3      | Noticed Crazy Yiuf
  3028 | D:3      | Killed Crazy Yiuf
  3088 | D:3      | XOM is BORED!
  3088 | D:3      | XOM: medium Pois miscast
  3119 | D:4      | Noticed Grinder
  3138 | D:4      | Slain by an ogre

Vault maps used:
D:1:      dpeg_arrival_line_fractal, bh_walls_and_bars
D:2:      lightli_temple_of_fire, minmay_increasing_density, uniq_jessica
D:3:      lemuel_castle_with_subvaults, first_ration, minmay_misc_feat_square,
          hex_intersection, uniq_crazy_yiuf_cottage
D:4:      kennysheep_little_box, gammafunk_temple_overflow_arena,
          marbit_many_paths, saegor_snake_ambush, uniq_grinder, uniq_ijyb

Skill      XL: |  1  2  3  4  5  6  7 |
---------------+----------------------+-----
Dodging        | 2 3 4 |  4.1
Maces & Flails | 3 4 5 6 |  6.3
Fighting       | 3 4 |  4.3

Action                   |  1- 3 |  4- 6 |  7- 9 || total
-------------------------+-------+-------+-------++-------
Melee: Mace              |    71 |       |       ||    71
       Club              |     2 |   184 |   180 ||   366
Throw: Stone             |       |       |     2 ||     2
Evoke: Wand              |       |     4 |     2 ||     6
       Lightning rod     |       |     3 |     3 ||     6
  Use: Scroll            |       |     7 |       ||     7
       Potion            |       |     3 |     2 ||     5
 Stab: Sleeping          |     1 |       |       ||     1
  Eat: Chunk             |    15 |    10 |    10 ||    35
Armor: Robe              |    34 |    91 |    48 ||   173
Dodge: Dodged            |    49 |   143 |    89 ||   281

Table legend:
 A = Non-vault XP
 B = Vault XP
 C = Vault XP percentage of total XP
 D = Non-vault monster count
 E = Vault monster count
 F = Vault count percentage of total count
                 A         B        C        D         E       F
            +---------+---------+-------+---------+---------+-------
      Total |     371 |     854 |  69.7 |      69 |      63 |  47.7
            +---------+---------+-------+---------+---------+-------
        D:1 |      32 |       0 |   0.0 |      18 |       0 |   0.0
        D:2 |      33 |      55 |  62.5 |      14 |       8 |  36.4
        D:3 |     256 |     799 |  75.7 |      33 |      55 |  62.5
        D:4 |      50 |       0 |   0.0 |       4 |       0 |   0.0
            +---------+---------+-------+---------+---------+-------
